 Dungeon Sprint DCSS version 0.21.1-1-g345015f (webtiles) character file.

5558 equalderp2856 the Severer (level 10, -1/103 HPs)
             Began as a Minotaur Fighter on May 24, 2018.
             Was an Initiate of Gozag.
             Slain by a demonic crawler (3 damage)
             ... in the Dungeon (Sprint I: "Red Sonja").
             The game lasted 00:04:43 (2352 turns).

equalderp2856 the Severer (Minotaur Fighter)        Turns: 2352, Time: 00:04:44

Health: -1/103     AC: 11    Str: 22    XL:     10   Next: 44%
Magic:  9/9        EV: 12    Int:  4    God:    Gozag
Gold:   2327       SH: 13    Dex: 11    Spells: 9/9 levels left

rFire    + + .     SeeInvis .   a - +0 war axe
rCold    + . .     Gourm    .   c - +0 shield
rNeg     . . .     Faith    .   p - +2 scale mail {rF+}
rPois    +         Spirit   .   (helmet restricted)
rElec    +         Reflect  .   (no cloak)
rCorr    +         Harm     .   (no gloves)
MR       .....     NoTele   +   (no boots)
Stlth    ..........             (no amulet)
HPRegen  0.27/turn              (no ring)
MPRegen  0.11/turn              (no ring)

@: resistant, gold aura
A: retaliatory headbutt, horns 2, dopey 1
a: Potion Petition, Call Merchant, Bribe Branch, Renounce Religion


You were in the Dungeon.
You worshipped Gozag.
Gozag was most pleased with you.
You were very hungry.

You visited 1 branch You collected 2327 gold pieces.

Inventory:

Hand Weapons
 a - a +0 war axe (weapon)
Armour
 b - a +0 scale mail
 c - a +0 shield (worn)
 p - a +2 scale mail of fire resistance (worn)
Wands
 l - a wand of flame (34)
Scrolls
 g - a scroll of identify {unknown}
 k - a scroll of blinking
 m - 2 scrolls of magic mapping {unknown}
 n - a scroll of vulnerability {unknown}
 q - a scroll of fear {unknown}
 r - a scroll of immolation {unknown}
Potions
 d - a potion of might
 f - a potion of curing
 h - a potion of haste
 i - 2 potions of magic
 j - a potion of berserk rage
Miscellaneous
 o - a lamp of fire


   Skills:
 + Level 14.2 Fighting
 + Level 15.5 Axes
 + Level 14.5 Armour
 + Level 5.2 Dodging
 + Level 1.7 Stealth
 + Level 13.4 Shields
 + Level 0.5 Evocations


You had 9 spell levels left.
You didn't know any spells.

Dungeon Overview and Level Annotations

Branches:
Dungeon (1/1)

Altars:
Cheibriados
Dithmenos
Elyvilon
Fedhas
Gozag
Hepliaklqana
Kikubaaqudgha
Makhleb
Nemelex Xobeh
Okawaru
Qazlal
Ru
Sif Muna
Trog
Uskayaw
Vehumet
Wu Jian
Xom
Yredelemnul
Zin
The Shining One
Jiyva
Lugonu

Shops:
D (:*?([}?[[!**[}


Innate Abilities, Weirdness & Mutations

You reflexively headbutt those who attack you in melee.
You have a pair of horns on your head.
You are dopey. (Int -2)


Message History

The demonic crawler hits you but does no damage.
You slice the demonic crawler!!
The demonic crawler is heavily wounded.
Your shield and scale mail prevent you from hitting the demonic crawler.
Your scale mail prevents you from hitting the demonic crawler.
The demonic crawler hits you but does no damage.
You block the demonic crawler's attack. The demonic crawler hits you.
* * * LOW HITPOINT WARNING * * *
The demonic crawler barely misses you.
The demonic crawler hits you but does no damage.
The demonic crawler completely misses you.
You hit the demonic crawler.
The demonic crawler is heavily wounded.
You slash the demonic crawler! x2; The demonic crawler barely misses you.
You block the demonic crawler's attack. x2
The demonic crawler barely misses you.
The demonic crawler hits you but does no damage.
The demonic crawler hits you.
You die...
Your body crumbles into a pile of gold.

#################
#.)'..#__#..)...#$ $$
'..#..'..'..#...##+#$
$
#####'#__####..s@s.#$
#...#.####|§#####s.+$
$ #..##.#§§§..#..#
+## $ $$
##'#_.'§§§§.§§.# $
.'..._#≈§).§#..# $$$
##_.#'##§#####'###
###+#.#..()# #.'.# #
####+### ###.# $ $ $$
$$ $ #.# $$


You could see 3 demonic crawlers.

Vanquished Creatures
  2 centaur warriors (D)
  2 unseen horrors (D)
  An oklob plant (D)
  2 kobold demonologists (D)
  A demonic crawler (D)
  A hornet (D)
  A slime creature (D)
  Sigmund (D)
  2 redbacks (D)
  A yak (D)
  2 floating eyes (D)
  7 necrophages (D)
  An ogre (D)
  8 jellies (D)
  Ijyb (D)
33 creatures vanquished.

Vanquished Creatures (others)
  A gargoyle (D)
1 creature vanquished.

Grand Total: 34 creatures vanquished

Notes
Turn   | Place    | Note
-------+----------+-------------------------------------------
     0 | D        | equalderp2856 the Minotaur Fighter began the quest for the Orb.
     0 | D        | Reached XP level 1. HP: 19/19 MP: 0/0
     2 | D        | Noticed Ijyb
    17 | D        | Killed Ijyb
    17 | D        | Reached skill level 5 in Fighting
    17 | D        | Reached skill level 3 in Axes
    17 | D        | Reached skill level 5 in Armour
    17 | D        | Reached skill level 5 in Shields
    17 | D        | Reached XP level 2. HP: 20/29 MP: 1/1
   113 | D        | Noticed an ogre
   117 | D        | Killed an ogre
   117 | D        | Reached skill level 5 in Axes
   117 | D        | Reached XP level 3. HP: 25/38 MP: 2/2
   117 | D        | Reached XP level 4. HP: 30/45 MP: 3/3
   216 | D        | Noticed Sigmund
   226 | D        | Killed Sigmund
   226 | D        | Reached skill level 7 in Axes
   226 | D        | Reached XP level 5. HP: 39/56 MP: 4/4
   324 | D        | Found a burning altar of Makhleb.
   324 | D        | Found a viscous altar of Jiyva.
   324 | D        | Found a shimmering altar of Xom.
   324 | D        | Found a corrupted altar of Lugonu.
   324 | D        | Noticed a slime creature
   331 | D        | Killed a slime creature
   331 | D        | Reached skill level 8 in Axes
   331 | D        | Reached skill level 1 in Dodging
   331 | D        | Reached XP level 6. HP: 44/64 MP: 5/5
   429 | D        | Found an ornate altar of the Wu Jian Council.
   429 | D        | Found a deep blue altar of Sif Muna.
   431 | D        | Found a radiant altar of Vehumet.
   538 | D        | Found Kietwam's Weapon Emporium.
   538 | D        | Found an ancient bone altar of Kikubaaqudgha.
   538 | D        | Found a hazy altar of Hepliaklqana.
   538 | D        | Found a stormy altar of Qazlal.
   538 | D        | Found a hide-covered altar of Uskayaw.
   538 | D        | Found a blossoming altar of Fedhas.
   538 | D        | Found a bloodstained altar of Trog.
   538 | D        | Found an iron altar of Okawaru.
   538 | D        | Found a basalt altar of Yredelemnul.
   538 | D        | Found a glowing golden altar of the Shining One.
   538 | D        | Found a snail-covered altar of Cheibriados.
   538 | D        | Found a sacrificial altar of Ru.
   538 | D        | Found a glowing silver altar of Zin.
   538 | D        | Found a shadowy altar of Dithmenos.
   538 | D        | Found a white marble altar of Elyvilon.
   538 | D        | Noticed a yak
   552 | D        | Killed a yak
   552 | D        | Reached skill level 10 in Fighting
   552 | D        | Reached skill level 9 in Axes
   552 | D        | Reached skill level 10 in Armour
   552 | D        | Reached XP level 7. HP: 25/72 MP: 6/6
   553 | D        | Found an opulent altar of Gozag.
   554 | D        | Found a sparkling altar of Nemelex Xobeh.
   766 | D        | Became a worshipper of Gozag Ym Sagoz the Greedy
   821 | D        | Noticed a centaur warrior
   823 | D        | Noticed a centaur warrior
   829 | D        | Killed a centaur warrior
   829 | D        | Reached skill level 11 in Axes
   829 | D        | Reached skill level 10 in Shields
   829 | D        | Reached XP level 8. HP: 30/82 MP: 7/7
   830 | D        | Killed a centaur warrior
   830 | D        | Reached skill level 12 in Axes
   839 | D        | Noticed a hornet
   844 | D        | Killed a hornet
   844 | D        | Reached skill level 13 in Axes
   844 | D        | Reached XP level 9. HP: 65/90 MP: 8/8
   847 | D        | Noticed an oklob plant
   852 | D        | Killed an oklob plant
   870 | D        | HP: 1/91 [redback (9)]
   874 | D        | Reached skill level 14 in Axes
  1616 | D        | Killed an unseen horror
  1616 | D        | Reached skill level 1 in Stealth
  1815 | D        | Killed a gargoyle
  1911 | D        | Killed an unseen horror
  2039 | D        | Paralysed by a floating eye for 4 turns
  2044 | D        | Reached XP level 10. HP: 101/101 MP: 9/9
  2164 | D        | Reached skill level 15 in Axes
  2198 | D        | Found Zudaalos's General Store.
  2198 | D        | Found Tamac's Book Shop.
  2198 | D        | Found Yhin Qia's Magic Scroll Boutique.
  2200 | D        | Found Qacudwack's Weapon Emporium.
  2200 | D        | Found Ycir's Antique Armour Shop.
  2200 | D        | Found Otodwuri's Gadget Shoppe.
  2200 | D        | Found Felom's Magic Scroll Boutique.
  2200 | D        | Found Lunnoto's Armour Emporium.
  2200 | D        | Found Nemew's Armour Shop.
  2200 | D        | Found Noillaf's Distillery.
  2216 | D        | Found Huky's General Store.
  2217 | D        | Found Zocelepsairi's Antique Armour Emporium.
  2217 | D        | Found Abruysiu's General Store.
  2218 | D        | Found Vaboqysch's Gadget Emporium.
  2327 | D        | Gained mutation: You are dopey. (Int -2) [a neqoxec]
  2330 | D        | Reached skill level 5 in Dodging
  2351 | D        | HP: 2/103 [demonic crawler (5)]
  2352 | D        | Slain by a demonic crawler

Skill      XL: |  1  2  3  4  5  6  7  8  9 10 |
---------------+-------------------------------+-----
Fighting       | 5 6 8 9 10 11 12 13 14 | 14.2
Axes           | 3 5 7 8 9 11 13 14 15 | 15.5
Armour         | 5 6 8 9 10 11 12 13 14 | 14.5
Shields        | 5 6 8 9 10 11 12 13 | 13.4
Dodging        | 1 2 4 5 |  5.2
Stealth        | 1 |  1.7
Evocations     | |  0.5

Action                   |  1- 3 |  4- 6 |  7- 9 | 10-12 || total
-------------------------+-------+-------+-------+-------++-------
Melee: War axe           |    17 |    30 |    55 |    59 ||   161
       Headbutt          |     2 |     8 |    18 |    13 ||    41
Invok: Potion Petition   |       |       |     1 |       ||     1
Evoke: Lamp of fire      |       |       |       |     1 ||     1
  Use: Potion            |       |       |     2 |     1 ||     3
 Stab: Sleeping          |       |       |     1 |       ||     1
  Eat: Ration            |       |       |     1 |       ||     1
Armor: Scale mail        |     2 |     4 |    24 |    18 ||    48
Dodge: Dodged            |     5 |     6 |    11 |    38 ||    60
Block: Shield            |     8 |    10 |    22 |    56 ||    96
